 Dungeon Crawl Stone Soup version 0.31.0-11-ge490571c62 (webtiles) character file.

Game seed: 10835662418374021869

122 qw the Shooter (level 4, -2/23 HPs)
             Began as a Spriggan Hunter on Feb 4, 2024.
             Killed by nerve-wracking pain
             ... invoked by Grinder
              (11 damage)
             ... on level 3 of the Dungeon.
             The game lasted 00:00:06 (1859 turns).

qw the Shooter (Spriggan Hunter)                    Turns: 1859, Time: 00:00:07

Health: -2/23      AC:  2    Str:  7    XL:     4   Next: 78%
Magic:  5/5        EV: 20    Int: 10    God:
Gold:   73         SH:  0    Dex: 20    Spells: 3/3 levels left

rFire   . . .        a - +1 shortbow (freeze)
rCold   . . .        (shield currently unavailable)
rNeg    . . .        c - +0 robe
rPois   .            (helmet restricted)
rElec   .            (no cloak)
rCorr   .            (gloves unavailable)
SInv    +            (boots unavailable)
Will    .....        (no amulet)
Stlth   ++           (no ring)
HPRegen 0.23/turn    (no ring)
MPRegen 0.09/turn

%: no passive effects
@: very quick
A: very small, no large weapons, unfitting armour, see invisible, speed 3
a: no special abilities


You were on level 3 of the Dungeon.
You visited 1 branch of the dungeon, and saw 3 of its levels.

You collected 73 gold pieces.


Innate Abilities, Weirdness & Mutations

You are very small and have problems with some larger weapons.
You are too small for most types of armour.
You have supernaturally acute eyesight. (SInv)
You cover ground extremely quickly. (Speed+++)


   Skills:
 + Level 1.9 Fighting
 - Level 5.1 Ranged Weapons
 - Level 5.0 Dodging
 - Level 1.5 Stealth


You had 3 spell levels left.
You didn't know any spells.
Your spell library was empty.

Inventory:

Hand Weapons
 a - a +1 shortbow of freezing (weapon)
Armour
 c - a +0 robe (worn)
 d - a +0 robe of cold resistance
Jewellery
 b - an amulet of guardian spirit
Wands
 g - a wand of polymorph (8)
Scrolls
 i - a scroll of teleportation
 j - 2 scrolls of noise {unknown}
Potions
 e - 2 potions of heal wounds {unknown}
 f - 4 potions of curing
 h - a potion of degeneration {unknown}

Dungeon Overview and Level Annotations

Branches:
Dungeon (3/15)

Altars:
Nemelex Xobeh

Shops:
D:2 [   D:3 (

Annotations:
D:3 Grinder


Message History

Grinder closely misses you.
You shoot an arrow. The arrow closely misses Grinder.
Grinder blinks!
You start resting.
Grinder is nearby!
You shoot an arrow. The arrow hits Grinder.
Grinder is moderately wounded.
Grinder gestures at you. Pain shoots through your body!
1824 ||| READING 2 scrolls of teleportation.
As you read the scroll of teleportation, it crumbles to dust.
You feel strangely unstable. Grinder gestures at you.
Pain shoots through your body!
You shoot an arrow. The arrow barely misses Grinder.
You shoot an arrow. The arrow hits Grinder.
Grinder is moderately wounded.
You shoot an arrow. The arrow barely misses Grinder.
Grinder gestures at you.
You suddenly lose the ability to move!
Your surroundings suddenly seem different.
A frilled lizard comes into view.
Found a potion of curing and 10 gold pieces.
You can move again.
You shoot an arrow. The arrow hits the frilled lizard!
The arrow freezes the frilled lizard.
You kill the frilled lizard!
You start resting.
Grinder is nearby!
You shoot an arrow. The arrow hits Grinder!
Grinder is moderately wounded.
You shoot an arrow.
The arrow hits Grinder but does no damage.
Grinder is moderately wounded.
You shoot an arrow. The arrow hits Grinder.
Grinder is moderately wounded.
Grinder gestures at you. Pain shoots through your body!
You die...
Grinder says, "Hey, I wasn't done torturing you yet!"

#.#
##.......#########.###
#...........##.....#..
#.\..5......##.....#..
#...........##.....#..
#...........#####....[
#...........# #.....
#...........# #.....
#....@......# ##+##.
#.....!.....# ####.##.
############. ........
.....### .... # ... ##
.. #. . #. ##


You could see Grinder.

Vanquished Creatures
  2 adders
  3 gnolls (D:2)
  4 dart slugs
  6 orcs (D:3)
  4 endoplasms
  2 giant cockroaches (D:1)
  8 hobgoblins
  5 jackals (D:2)
  2 quokkas
  5 ball pythons
  5 frilled lizards
  2 goblins
  6 kobolds
  7 rats
61 creatures vanquished.

Notes
Turn   | Place    | Note
-------+----------+-------------------------------------------
     0 | D:1      | qw the Spriggan Hunter began the quest for the Orb.
     0 | D:1      | Reached XP level 1. HP: 10/10 MP: 2/2
     0 | D:1      | 0 ||| qw: Version: 0.3-a-160-g6735b56
     0 | D:1      | 0 ||| qw: Game counter: 4436
     0 | D:1      | 0 ||| qw: Melee chars always use a shield: true
     0 | D:1      | 0 ||| qw: God list: Okawaru
     0 | D:1      | 0 ||| qw: Allow faded altars: false
     0 | D:1      | 0 ||| qw: Do Orc after clearing Dungeon:15 true
     0 | D:1      | 0 ||| qw: Do second Lair branch before Depths: true
     0 | D:1      | 0 ||| qw: Lair rune preference: random
     0 | D:1      | 0 ||| qw: Goals: Normal
     0 | D:1      | 0 ||| PLANNING D:1-11
    21 | D:1      | Reached skill level 3 in Dodging
   104 | D:1      | Reached XP level 2. HP: 14/14 MP: 3/3
   415 | D:1      | 415 ||| READING scroll labelled JIWKUTT JOEPN.
   415 | D:1      | 415 ||| BRANDING +0 shortbow.
   416 | D:1      | 416 ||| READING scroll labelled KIORIRE YVALU.
   416 | D:1      | 416 ||| ENCHANTING +0 shortbow of freezing.
   417 | D:1      | 417 ||| READING 3 scrolls labelled QIHIRRE IRUMYWK.
   417 | D:1      | 417 ||| IDENTIFYING smoky emerald potion
   418 | D:1      | 418 ||| READING 2 scrolls of identify.
   418 | D:1      | 418 ||| IDENTIFYING 2 viscous coppery potions
   419 | D:1      | 419 ||| READING scroll of identify.
   419 | D:1      | 419 ||| IDENTIFYING scroll labelled NONNET BUOHEU
   420 | D:1      | 420 ||| DROPPING scroll of butterflies.
   421 | D:1      | 421 ||| DROPPING potion of berserk rage.
   443 | D:2      | Reached XP level 3. HP: 18/18 MP: 4/4
   558 | D:2      | Reached XP level 4. HP: 22/22 MP: 5/5
   636 | D:2      | Found a faded altar of an unknown god.
   917 | D:2      | Found Daemn's Antique Armour Boutique.
   921 | D:2      | 921 ||| SHOPLISTING runed scarf (216 gold, have 49).
   921 | D:2      | 921 ||| SHOPLISTING translucent robe (153 gold, have 49).
  1340 | D:2      | 1340 ||| READING scroll labelled REZOXT AVEX.
  1340 | D:2      | 1340 ||| ENCHANTING +0 shortbow of freezing.
  1341 | D:2      | 1341 ||| READING scroll labelled HAUVANK LANOJA.
  1746 | D:3      | Found a sparkling altar of Nemelex Xobeh.
  1811 | D:3      | Noticed Grinder
  1823 | D:3      | HP: 4/23 [Grinder/nerve-wracking pain (9)]
  1824 | D:3      | 1824 ||| READING 2 scrolls of teleportation.
  1824 | D:3      | HP: 1/23 [Grinder/nerve-wracking pain (3)]
  1827 | D:3      | Paralysed by Grinder for 2 turns
  1828 | D:3      | Found Vupusaaf's Weapon Shoppe.
  1859 | D:3      | Killed from afar by Grinder

Levels and vault maps discovered:
D:1:      minmay_arrival_stone_box, layout_rooms
D:2:      cheibrodos_helix_gallery, layout_basic,
          dreamdust_ecumenical_altar_angels_and_demons, serial_shops,
          nicolae_shop_tiny_real_fake_doors, kennysheep_another_room
D:3:      minmay_razor_zed, layout_basic, mainiacjoe_overflow_24_doors,
          serial_shops, shop, uniq_grinder

Skill      XL: |  1  2  3  4 |
---------------+-------------+-----
Dodging        | 3 4 5 |  5.0
Ranged Weapons | 5 |  5.1
Fighting       | |  1.9
Stealth        | |  1.5

Action                     |  1- 3 |  4- 6 || total
---------------------------+-------+-------++-------
   Fire: Shortbow          |    82 |    63 ||   145
    Use: Scroll            |     5 |     3 ||     8
 Armour: Robe              |     7 |     3 ||    10
  Dodge: Dodged            |    21 |    11 ||    32

Table legend:
 A = Non-vault XP
 B = Vault XP
 C = Vault XP percentage of total XP
 D = Non-vault monster count
 E = Vault monster count
 F = Vault count percentage of total count
                 A         B        C        D         E       F
            +---------+---------+-------+---------+---------+-------
      Total |     157 |      18 |  10.3 |      53 |       8 |  13.1
            +---------+---------+-------+---------+---------+-------
        D:1 |      37 |       0 |   0.0 |      20 |       0 |   0.0
        D:2 |      82 |       6 |   6.8 |      21 |       2 |   8.7
        D:3 |      38 |      12 |  24.0 |      12 |       6 |  33.3
            +---------+---------+-------+---------+---------+-------
